Map: [ESL] Goldenaura

Players

Elazer

  • Race: Zerg Zerg
  • Spawn Location: 5:00

Wayne - Winner!

  • Race: Zerg Zerg
  • Spawn Location: 12:00

Event: ESL SC2 Masters 2024 Spring (Regional)

VOD

Have the link to the VOD?

Description

Time

  • Played on: May 2, 2024, 12:35 p.m.
  • Length: 10:18

All games in this series

Show
View Real Time Build Order
Export as new Build Order

Elazer Zerg 

Build Orders: Hatch First, Roach Hydra 

Get SALT Encoding   

  12  0:00  Drone  
  13  0:12  Overlord  
  13  0:17  Drone  
  14  0:30  Drone x2  
  16  0:48  Hatchery  
  15  0:51  Drone  
  15  0:54  Drone  
  17  0:58  Drone  
  18  1:08  Extractor  
  17  1:13  Spawning Pool  
  17  1:17  Drone  
  17  1:20  Drone  
  18  1:27  Drone  
  19  1:38  Drone  
  20  1:49  Drone  
  21  2:00  Queen x2  
  21  2:01  Zergling x2  
  26  2:02  Overlord  
  26  2:08  Metabolic Boost  
  26  2:10  Drone  
  26  2:12  Drone  
  28  2:22  Drone x2  
  30  2:34  Hatchery  
  29  2:38  Drone  
  29  2:42  Drone  
  31  2:44  Drone  
  31  2:45  Drone  
  33  2:52  Baneling Nest  
  33  2:54  Overlord  
  33  2:57  Drone  
  33  3:04  Drone  
  33  3:05  Drone  
  35  3:07  Overlord  
  35  3:08  Drone  
  36  3:13  Zergling x4  
  36  3:17  Queen  
  40  3:22  Zergling x4  
  40  3:25  Drone x2  
  44  3:30  Drone x2  
  46  3:37  Drone  
  46  3:41  Drone x5  
  52  3:47  Drone x2  
  54  3:51  Overlord  
  54  3:56  Roach Warren  
  54  3:58  Overlord  
  54  4:02  Extractor  
  52  4:05  Drone x3  
  52  4:09  Overlord  
  55  4:11  Overlord  
  55  4:21  Overlord  
  55  4:22  Overlord  
  54  4:30  Drone x2  
  55  4:35  Roach x9  
  73  4:43  Spine Crawler  
  73  4:45  Roach x2  
  76  4:48  Roach  
  76  4:51  Roach  
  76  4:52  Roach x2  
  84  4:55  Overlord  
  84  4:58  Roach  
  83  5:08  Roach x3  
  89  5:15  Roach  
  89  5:19  Overlord  
  87  5:26  Overlord  
  86  5:29  Drone x11  
  86  5:33  Drone  
  97  5:40  Extractor x2  
  96  5:42  Drone  
  96  5:43  Drone x2  
  96  5:48  Extractor  
  96  5:49  Lair  
  97  5:53  Drone x3  
  97  5:57  Evolution Chamber  
  99  5:58  Drone x6  
  99  5:59  Pneumatized Carapace  
  99  6:01  Drone  
  106  6:05  Drone  
  106  6:06  Extractor, Drone  
  107  6:13  Drone  
  107  6:17  Overlord  
  108  6:18  Drone x4  
  108  6:23  Zerg Missile Weapons Level 1  
  108  6:24  Overlord  
  112  6:27  Hatchery  
  112  6:32  Roach x4  
  119  6:34  Overlord  
  119  6:40  Overlord  
  119  6:43  Roach x2  
  123  6:47  Glial Reconstitution  
  123  6:48  Roach x4  
  123  6:50  Overseer  
  131  6:55  Hydralisk Den  
  130  7:02  Queen  
  130  7:03  Overlord  
  130  7:07  Roach x6  
  142  7:17  Roach x6  
  142  7:20  Overlord  
  154  7:25  Grooved Spines  
  154  7:26  Hydralisk x2  
  154  7:27  Hydralisk  
  160  7:31  Hydralisk x2  
  164  7:41  Hydralisk x4  
  152  7:47  Roach x2  
  152  7:48  Roach x2  
  152  7:51  Roach x2  
  138  8:00  Roach x6  
  138  8:02  Roach  
  138  8:04  Roach x2  
  154  8:09  Roach x2  
  138  8:17  Roach x4  
  129  8:24  Roach x4  
  135  8:33  Drone x4  
  135  8:34  Hydralisk, Drone  
  138  8:35  Hydralisk  
  138  8:37  Muscular Augments  
  134  8:45  Roach x4  
  142  8:52  Roach x2, Spore Crawler  
  144  9:04  Hydralisk x5  
  146  9:11  Hydralisk x3  
  152  9:17  Roach x3  
  152  9:19  Ravager x2  
  160  9:30  Roach x6  
  170  9:38  Roach x4  
  151  9:45  Roach x4  
  133  9:51  Roach x3  
  129  9:56  Roach x3  
Show
View Real Time Build Order
Export as new Build Order

Wayne Zerg - Winner!

Build Orders: Hatch First 

Get SALT Encoding   

  12  0:00  Drone  
  13  0:12  Overlord  
  13  0:16  Drone  
  14  0:30  Drone x2  
  16  0:47  Hatchery  
  15  0:50  Drone  
  15  0:55  Drone  
  17  0:57  Drone  
  18  1:09  Extractor  
  17  1:13  Spawning Pool  
  17  1:16  Drone  
  17  1:20  Drone  
  18  1:28  Drone  
  19  1:38  Drone  
  20  1:48  Drone  
  21  1:59  Queen  
  21  2:00  Zergling x2, Queen  
  21  2:01  Overlord  
  26  2:10  Drone x2  
  26  2:12  Metabolic Boost  
  28  2:21  Drone x2  
  30  2:32  Hatchery  
  30  2:35  Drone  
  30  2:38  Drone  
  30  2:42  Drone  
  30  2:43  Drone  
  33  2:49  Baneling Nest  
  32  2:53  Overlord  
  32  2:56  Drone  
  33  3:05  Drone  
  34  3:06  Drone  
  34  3:07  Drone  
  34  3:11  Zergling x6  
  40  3:12  Drone  
  40  3:14  Overlord  
  40  3:17  Drone  
  41  3:20  Drone  
  42  3:28  Roach Warren  
  42  3:30  Extractor, Drone  
  42  3:34  Drone  
  42  3:37  Drone  
  43  3:42  Drone  
  43  3:43  Drone  
  43  3:44  Drone x2  
  43  3:46  Overlord  
  46  3:52  Overlord  
  46  3:58  Overlord  
  46  4:08  Roach  
  46  4:09  Roach x4  
  56  4:14  Roach x4  
  56  4:16  Roach x2  
  68  4:20  Zergling x6  
  71  4:27  Zergling x4  
  71  4:30  Roach  
  75  4:34  Overlord  
  75  4:35  Zergling x2  
  76  4:39  Zergling x2  
  77  4:46  Zergling x10  
  77  4:47  Overlord  
  77  4:50  Overlord  
  82  4:54  Zergling x6  
  82  4:59  Evolution Chamber  
  85  5:00  Drone  
  85  5:04  Drone  
  85  5:06  Drone  
  85  5:11  Overlord  
  78  5:14  Drone, Lair  
  78  5:15  Drone x4  
  78  5:16  Drone  
  78  5:19  Drone  
  83  5:25  Drone x3  
  84  5:29  Baneling  
  84  5:31  Roach  
  84  5:33  Zerg Missile Weapons Level 1  
  84  5:34  Queen  
  87  5:37  Extractor  
  87  5:39  Extractor  
  87  5:42  Drone x3  
  87  5:49  Overlord  
  89  5:50  Roach x5  
  89  5:54  Overlord  
  89  5:56  Drone x2  
  99  6:02  Drone x2, Extractor  
  99  6:03  Extractor  
  99  6:07  Drone x2  
  101  6:12  Spire  
  101  6:13  Drone  
  101  6:19  Drone x2  
  101  6:22  Drone x3  
  101  6:24  Glial Reconstitution  
  106  6:26  Drone  
  106  6:28  Drone x2  
  106  6:29  Drone  
  110  6:34  Drone  
  110  6:36  Hatchery  
  110  6:37  Overlord  
  110  6:38  Overlord  
  110  6:44  Overlord  
  109  6:47  Roach x5  
  109  6:52  Roach x2  
  123  6:57  Roach x3  
  129  7:02  Overlord  
  129  7:04  Roach x2  
  133  7:10  Drone  
  133  7:11  Overlord  
  134  7:16  Roach x5  
  134  7:21  Roach x3  
  148  7:25  Roach x3  
  154  7:32  Roach x4  
  162  7:39  Roach x2  
  162  7:43  Roach  
  152  7:48  Roach x3  
  154  7:56  Mutalisk x7  
  164  8:00  Roach x2  
  164  8:03  Overlord  
  166  8:08  Overlord  
  166  8:12  Overlord  
  154  8:16  Roach x5  
  154  8:19  Overseer  
  145  8:22  Roach x3  
  143  8:27  Roach x2  
  144  8:35  Roach x3  
  144  8:38  Roach  
  149  8:41  Roach  
  149  8:47  Roach  
  149  8:48  Roach x2  
  153  8:49  Ravager x3  
  153  8:53  Roach  
  162  8:55  Roach x2  
  162  9:08  Roach x6  
  162  9:09  Ravager  
  169  9:13  Overlord  
  171  9:17  Roach x3  
  171  9:24  Roach x4  
  183  9:28  Roach x2  
  185  9:35  Roach  
  177  9:44  Roach  
  177  9:45  Roach x7  
  163  9:55  Roach x3  
  163  9:58  Roach x2  
Tags
 
Add a new tag
Caveats
  • Supply blocks, unpowered buildings, or Contaminate may cause inaccurate times.
  • Supply counts are checked every 10 seconds.